 Dungeon Crawl Stone Soup version 0.31-a0-986-g5e6e4ef867 (webtiles) character file.

Game seed: 4167878109444448951

1692920 bakla the Myrmidon (level 24, 228/228 HPs)
             Began as a Demonspawn Fighter on Nov 24, 2023.
             Was an Elder of Okawaru.
             Escaped with the Orb
             ... and 3 runes on Nov 25, 2023!
             The game lasted 02:52:38 (62870 turns).

bakla the Myrmidon (Demonspawn Fighter)            Turns: 62870, Time: 02:52:39

Health: 228/228    AC: 43    Str: 27    XL:     24   Next: 65%
Magic:  21/38      EV: 30    Int: 13    God:    Okawaru [****..]
Gold:   4636       SH: 27    Dex: 36    Spells: 21/23 levels left

rFire   + + +        O - +6 double sword (vamp)
rCold   + + +        D - +2 shield of Resistance {rF++ rC++ Will++}
rNeg    . . .        v - +4 gold dragon scales
rPois   +            (helmet unavailable)
rElec   .            H - +2 cloak "Koublunt" {rPois Str+6 SInv Stlth-}
rCorr   +            R - +2 pair of gloves {Str+3}
SInv    +            X - +2 pair of boots {Fly}
Will    +++..        k - amulet of regeneration
Stlth   +            q - +6 ring of dexterity
HPRegen 1.38/turn    n - ring of Mocuppugh {rC+ rCorr Dex+4}
MPRegen 0.26/turn

%: no passive effects
@: heroic, finesse-ful, flying, studying Air Magic
A: horns 3, thin skeletal structure 3, foul stench 3, icemail 1, robust 1,
condensation shield, talons 1, wild magic 2
0: Orb of Zot
}: 3/15 runes: decaying, silver, gossamer
a: Renounce Religion, Heroism, Finesse


You escaped.
You worshipped Okawaru.
Okawaru was greatly pleased with you.
You visited 10 branches of the dungeon, and saw 48 of its levels.
You also visited: Ice Cave.

You collected 7707 gold pieces.
You spent 3071 gold pieces at shops.

Inventory:

Hand Weapons
 O - a +6 vampiric double sword (weapon)
Missiles
 o - 10 curare-tipped darts
Armour
 v - +4 gold dragon scales (worn)
 D - the +2 shield of Resistance (worn) {rF++ rC++ Will++}
   (You found it on level 5 of the Vaults)

   rF++:      It greatly protects you from fire.
   rC++:      It greatly protects you from cold.
   Will++:    It greatly increases your willpower.
 H - the +2 cloak "Koublunt" (worn) {rPois Str+6 SInv Stlth-}
   (Okawaru gifted it to you on level 3 of the Lair of Beasts)

   Str+6:     It affects your strength (+6).
   rPois:     It protects you from poison SInv: It lets you see invisible.
   Stlth-:    It makes you less stealthy.
 R - a +2 pair of gloves of strength (worn)
 X - a +2 pair of boots of flying (worn)
Jewellery
 k - an amulet of regeneration (around neck)
 n - the ring of Mocuppugh (right hand) {rC+ rCorr Dex+4}
   (You took it off a deep elf zephyrmancer on level 3 of the Elven Halls)

   [ring of protection from cold]

   Dex+4:     It affects your dexterity (+4).
   rC+:       It protects you from cold.
   rCorr:     It protects you from acid and corrosion.
 p - a ring of protection from fire
 q - a +6 ring of dexterity (left hand)
 t - a ring of resist corrosion
 E - a +6 ring of dexterity
 I - the macabre finger necklace {Finger+ rN+}
   (You took it off a deep elf demonologist on level 3 of the Elven Halls)

   [amulet of nothing]

   Finger+:   It enables you to equip an extra ring.
   rN+:       It protects you from negative energy.
 J - a ring of see invisible
 P - the amulet "Fillal" {Acrobat rF+ rN+}
   (You took it off a yaktaur on level 5 of the Vaults)

   [amulet of the acrobat]

   Acrobat:   It increases your evasion while moving and waiting.
   rF+:       It protects you from fire.
   rN+:       It protects you from negative energy.
 T - a ring of protection from fire
 U - a ring of willpower
Wands
 a - a wand of flame (58)
 b - a wand of digging (11)
 s - a wand of iceblast (36)
 x - a wand of acid (3)
Scrolls
 c - 2 scrolls of revelation
 d - 9 scrolls of teleportation
 e - 6 scrolls of brand weapon
 f - 8 scrolls of fear
 j - 6 scrolls of amnesia
 m - 9 scrolls of fog
 u - 4 scrolls of silence
 y - 5 scrolls of poison
 M - a scroll of blinking
 N - 2 scrolls of noise
 Q - 6 scrolls of immolation
 Y - a scroll of torment
Potions
 g - 10 potions of attraction
 i - 5 potions of lignification
 l - 4 potions of magic
 r - a potion of enlightenment
 w - 2 potions of mutation
 z - 4 potions of haste
 A - 13 potions of curing
 B - 5 potions of berserk rage
 F - 9 potions of brilliance
 G - a potion of invisibility
 L - 3 potions of heal wounds
 S - a potion of resistance
 V - 2 potions of cancellation
 W - a potion of ambrosia
Miscellaneous
 K - a condenser vane


   Skills:
 + Level 21.0(26.0) Fighting
 - Level 16.0(21.0) Long Blades
 - Level 15.6(20.6) Armour
 + Level 20.8(25.8) Dodging
 - Level 8.7(13.7) Stealth
 - Level 17.0(22.0) Shields
 + Level 23.7 Invocations


You had 21 spell levels left.
You knew the following spells:

 Your Spells              Type           Power      Damage    Failure   Level
a - Wereblood             Tmut           0%         N/A       100%        2

Your spell library contained the following spells:

 Spells                   Type           Power      Damage    Failure   Level
 Apportation              Tloc           0%         N/A       99%         1
 Foxfire                  Conj/Fire      0%         2x1d4     99%         1
 Freeze                   Ice            0%         1d3       99%         1
 Kiss of Death            Conj/Necr      0%         2d5       99%         1
 Magic Dart               Conj           0%         1d3       99%         1
 Necrotise                Necr           0%         1d4       99%         1
 Sandblast                Erth           0%         2d4       99%         1
 Shock                    Conj/Air       0%         1d3       99%         1
 Sting                    Tmut/Pois      0%         1d3       99%         1
 Blink                    Tloc           0%         N/A       100%        2
 Cigotuvi's Dreadful Rot  Necr/Pois/Air  0%         N/A       100%        2
 Ensorcelled Hibernation  Hex/Ice        0%         N/A       100%        2
 Jinxbite                 Hex            0%         N/A       100%        2
 Lesser Beckoning         Tloc           0%         N/A       100%        2
 Momentum Strike          Conj/Tloc      0%         3d8       100%        2
 Passwall                 Tmut/Erth      0%         N/A       100%        2
 Poisonous Vapours        Pois/Air       0%         N/A       100%        2
 Static Discharge         Conj/Air       0%         3-3/arc   100%        2
 Sublimation of Blood     Necr           0%         N/A       100%        2
 Frozen Ramparts          Ice            0%         1d1       100%        3
 Gell's Gravitas          Tloc           0%         N/A       100%        3
 Hailstorm                Conj/Ice       0%         3d3       100%        3
 Ignite Poison            Fire/Tmut/Pois 0%         N/A       100%        3
 Inner Flame              Hex/Fire       0%         N/A       100%        3
 Mephitic Cloud           Conj/Pois/Air  0%         N/A       100%        3
 Ozocubu's Armour         Ice            0%         N/A       100%        3
 Stone Arrow              Conj/Erth      0%         3d7       100%        3
 Swiftness                Air            0%         N/A       100%        3
 Teleport Other           Tloc           0%         N/A       100%        3
 Vampiric Draining        Necr           0%         2d6       100%        3
 Volatile Blastmotes      Fire/Tloc      0%         2d10      100%        3
 Airstrike                Air            0%         2d(0-16)  100%        4
 Anguish                  Hex/Necr       0%         N/A       100%        4
 Brom's Barrelling Bould  Conj/Erth      0%         2d3       100%        4
 Cause Fear               Hex            0%         N/A       100%        4
 Dimensional Bullseye     Hex/Tloc       0%         N/A       100%        4
 Flame Wave               Conj/Fire      0%         2d4       100%        4
 Fulminant Prism          Conj/Hex       0%         3d5       100%        4
 Iskenderun's Mystic Bla  Conj/Tloc      0%         2d3       100%        4
 Manifold Assault         Tloc           0%         N/A       100%        4
 Olgreb's Toxic Radiance  Pois           0%         N/A       100%        4
 Petrify                  Tmut/Erth      0%         N/A       100%        4
 Sticky Flame             Conj/Fire      0%         2d3       100%        4
 Agony                    Necr           0%         N/A       100%        5
 Alistair's Intoxication  Tmut/Pois      0%         N/A       100%        5
 Freezing Cloud           Conj/Ice/Air   0%         6-21      100%        5
 Irradiate                Conj/Tmut      0%         3d11      100%        5
 Iskenderun's Battlesphe  Conj           0%         2d6       100%        5
 Metabolic Englaciation   Hex/Ice        0%         N/A       100%        5
 Bombard                  Conj/Erth      0%         9d1       100%        6
 Conjure Ball Lightning   Conj/Air       0%         3x3d6     100%        6
 Dispersal                Tloc           0%         N/A       100%        6
 Eringya's Noxious Bog    Tmut/Pois      0%         4d6       100%        6
 Plasma Beam              Fire/Air       0%         2x1d10    100%        6
 Starburst                Conj/Fire      0%         6d3       100%        6
 Enfeeble                 Hex            0%         N/A       100%        7
 Ozocubu's Refrigeration  Ice            0%         4d7       100%        7
 Discord                  Hex            0%         N/A       100%        8
 Disjunction              Tloc           0%         N/A       100%        8
 Ignition                 Fire           0%         3d3       100%        8
 Death's Door             Necr           0%         N/A       100%        9
 Call Imp                 Summ           Unusable   N/A       N/A         2
 Tukima's Dance           Hex            Unusable   N/A       N/A         3
 Animate Armour           Summ/Erth      Unusable   N/A       N/A         4
 Summon Ice Beast         Ice/Summ       Unusable   N/A       N/A         4
 Summon Lightning Spire   Summ/Air       Unusable   N/A       N/A         4
 Summon Forest            Summ/Tloc      Unusable   N/A       N/A         5
 Simulacrum               Ice/Necr       Unusable   N/A       N/A         6
 Spellforged Servitor     Conj/Summ      Unusable   N/A       N/A         7
 Summon Hydra             Summ           Unusable   N/A       N/A         7

Dungeon Overview and Level Annotations

Branches:
Dungeon (15/15)            Temple (1/1) D:6            Lair (5/5) D:10
  Swamp (4/4) Lair:3       Spider (4/4) Lair:2        Slime (0/5) Lair:5
    Orc (2/2) D:11            Elf (3/3) Orc:2        Vaults (5/5) D:14
  Crypt (0/3) Vaults:3     Depths (4/4) D:15            Zot (5/5) Depths:4
  IceCv (visited)

Altars:
Ashenzari
Cheibriados
Dithmenos
Fedhas
Gozag
Hepliaklqana
Kikubaaqudgha
Makhleb
Nemelex Xobeh
Okawaru
Qazlal
Ru
Sif Muna
Trog
Uskayaw
Vehumet
Wu Jian
Xom
Yredelemnul
Lugonu

Shops:
D:5 =   D:10 [   D:13 =   Orc:2 (:*[(   Elf:1 ==:   Elf:2 ?   Vaults:2 ?
Vaults:4 *   Depths:1 *

Portals:
Hell: Depths:1 Depths:2 Depths:3 Depths:4
Abyss: Depths:3 Depths:4
Pandemonium: Depths:2 Depths:3
Ziggurat: Depths:2
Trove: Vaults:2 (give +8 demon whip)

Annotations:
D:3 2 transporters, hgbash's ghost, amateur GrEE
D:6 1 runed translucent door, pokeman's ghost, novice DEHW
D:8 Gastronok
Lair:2 exclusion: oklob plant
Spider:2 2 transporters, Bephimom's ghost, adept DsFi
Spider:4 1 exclusion
Elf:2 3 runed translucent doors
Zot:2 Tiamat
Zot:3 3 runed doors, exclusion: 2 upstairs
Zot:4 exclusion: 2 upstairs
Zot:5 1 exclusion


Innate Abilities, Weirdness & Mutations

You have a pair of large horns on your head.
You have an unnaturally thin skeletal structure. (Dex +6, Stealth+++)
You frequently emit foul miasma when damaged in melee.
A meltable icy envelope protects you from harm. (AC +4)
You are robust. (+10% HP)
A meltable shield of frost defends you. (SH +4)
You have sharp toenails.
Your spells are harder to cast, but more powerful.


Message History

You slice the Ice Fiend!!
You kill the Ice Fiend!
Okawaru accepts your kill.
There is a stone staircase leading up here.
You fly upwards.
There is a stone staircase leading down here.
What level of the Dungeon? (default 1, ? - help)
There is a stone staircase leading up here.
You fly upwards.
Level annotation: 2 transporters, hgbash's ghost, amateur GrEE
There is a stone staircase leading down here.
You reach down and open the door.
There is an open door here.
You reach down and open the door.
There is an open door here.
There is a stone staircase leading up here.
You fly upwards.
There is a stone staircase leading down here.
A ynoxinul and a Hell Sentinel come into view.
There is a stone staircase leading up here.
A reaper comes into view. It is wielding a +1 scythe of pain.
The ynoxinul bellows!
The Hell Sentinel moves out of view.
There is an escape hatch in the ceiling here.
A mysterious force pulls you upwards. The hatch slams shut behind you.
What level of the Dungeon? (default 1, ? - help) HP restored.
There is a staircase leading out of the dungeon here.
You gain the combat prowess of a mighty hero.
You feel more confident with your borrowed prowess.
You feel more confident with your borrowed prowess.
You feel more confident with your borrowed prowess.
You feel more confident with your borrowed prowess.
You feel more confident with your borrowed prowess.
You feel more confident with your borrowed prowess.
You can now deal lightning-fast blows.
You can no longer enter into single combat with a foe.
Okawaru will no longer gift you throwing weapons.
There is a staircase leading out of the dungeon here.
You have escaped!

#.# #.# #....... #.# #.# ######
#.#.#### #.# #.## #....#
#.#.####
#.####..###.##.#########.......
#............................##
##############................#
##.....############.....##
##...##....###### ##..(###
###...###...@.....## ####....
#...### ###...##...###....###
#...#####......###..#.#)..#
#....##.....##...#...##.#>#
######..†.....######....###.#.#
.....#...##...# ###..# #...#
######...###### ##.# #.###
##.## #.###.# #########
####.....#####


There were no monsters in sight!

Vanquished Creatures
  4 dread liches
  Mara (Spider:3)
  An orb of fire (Zot:5)
  4 ancient liches
  Vv (Zot:4)
  2 Killer Klowns (Zot:5)
  A curse toe (Zot:5)
  8 golden dragons
  A bone dragon (Depths:4)
  2 electric golems
  10 tentacled monstrosities
  2 Ice Fiends
  A walking crystal tome (Depths:1)
  6 titans
  5 liches
  23 Orb Guardians
  3 quicksilver dragons
  A walking divine tome (Depths:2)
  10 sphinxes
  2 deep elf blademasters (Elf:3)
  4 death cobs
  2 deep elf master archers (Elf:3)
  4 tengu reavers
  3 draconian monks
  17 storm dragons
  Donald (Vaults:2)
  5 shadow dragons
  9 fire giants
  2 fenstrider witches (Swamp:3)
  16 vault wardens
  2 draconian knights
  6 deep elf sorcerers
  3 draconian scorchers
  6 emperor scorpions
  4 iron dragons
  5 ghost moths
  15 frost giants
  2 draconian shifters
  Louise (Depths:3)
  2 draconian stormcallers
  2 broodmothers (Spider:4)
  2 ghouls (Swamp:3)
  An angel (D:15)
  A reaper (Depths:3)
  5 very ugly things
  4 deep elf elementalists (Elf:3)
  2 formless jellyfish
  20 ironbound preservers
  2 spriggan defenders
  3 orc warlords
  5 war gargoyles
  7 deep elf demonologists
  A formless jellyfish (shapeshifter) (Vaults:5)
  3 draconian annihilators
  4 vampire knights
  5 ironbound thunderhulks
  10 stone giants
  4 black draconians
  8 red draconians
  2 green draconians
  4 eleionomae
  5 deep elf annihilators
  7 yellow draconians
  4 spark wasps
  25 dire elephants
  7 purple draconians
  5 bunyips
  2 white draconians
  An eidolon (Depths:4)
  A shambling mangrove (Swamp:4)
  15 ettins
  3 crystal guardians (Vaults:4)
  A fire dragon (shapeshifter) (Vaults:5)
  4 deep elf death magi (Elf:3)
  9 fire dragons
  18 yaktaur captains
  3 deep elf high priests (Elf:3)
  A green death (Depths:2)
  2 entropy weavers (Spider:2)
  8 great orbs of eyes
  12 ice dragons
  A rakshasa (Depths:3)
  2 hell beasts
  12 hydras
  2 peacekeepers (Vaults:4)
  A jorogumo (Spider:4)
  An ogre mage (Vaults:5)
  9 spriggan air magi
  7 ironbound frosthearts
  10 alligators
  A jorogumo (shapeshifter) (Depths:4)
  Erolcha (Orc:2)
  39 vault guards
  4 catoblepae
  A salamander tyrant (Depths:4)
  4 ghost crabs
  12 centaur warriors
  A two-headed ogre (D:10)
  2 radroaches
  15 dancing weapons
  7 boulder beetles
  8 tengu warriors
  25 death yaks
  5 deep troll shamans
  A hell hog (Depths:2)
  3 orc high priests
  5 demonic crawlers
  7 deep troll earth magi
  A hell knight (Depths:3)
  4 sun demons
  5 spriggan berserkers
  A soul eater (Depths:2)
  8 deep elf knights
  3 iron trolls
  A death drake (shapeshifter) (Vaults:3)
  A skeletal warrior (D:7)
  2 skysharks
  A shadow wraith (Vaults:2)
  4 glowing orange brains
  3 spriggan druids
  A fire crab (shapeshifter) (D:15)
  A pharaoh ant (Spider:2)
  4 goliath frogs
  A salamander mystic (Depths:1)
  7 bog bodies
  2 swamp dragons (Swamp:3)
  10 orb spiders
  A flayed ghost (Depths:2)
  18 ironbound convokers
  12 spriggan simulacra
  11 deep elf archers
  A glowing orange brain (shapeshifter) (Vaults:5)
  3 steelbarb worms
  5 arcanists
  63 deep trolls
  An obsidian statue (IceCv)
  20 deep elf zephyrmancers
  6 lindwurms
  A shadow demon (D:14)
  19 orc knights
  3 necromancers
  5 harpies (Vaults:1)
  9 phantasmal warriors
  A glowing shapeshifter (Vaults:3)
  16 wolf spiders
  6 salamanders
  18 deep elf pyromancers
  32 ugly things
  3 will-o-the-wisps (Swamp:3)
  2 manticores (Lair:5)
  4 cyclopes
  6 orc sorcerers
  29 elephants
  3 centaur zombies (D:7)
  17 moths of wrath
  2 human skeletons (Vaults:2)
  Joseph (D:8)
  3 black mambas
  21 vault sentinels
  11 cane toads
  A centaur skeleton (D:7)
  7 torpor snails
  A water nymph (shapeshifter) (Depths:3)
  10 freezing wraiths
  5 komodo dragons
  25 yaktaurs
  A yaktaur zombie (Vaults:2)
  5 rime drakes
  Psyche (D:12)
  2 tormentors
  2 kobold demonologists (D:11)
  7 ice devils (IceCv)
  2 tengu conjurers
  2 anaconda simulacra
  2 efreet
  3 red devils (Orc:1)
  A polar bear (Lair:1)
  6 trolls
  6 alligator simulacra
  A guardian mummy (Zot:4)
  A hellwing (D:6)
  A wind drake (shapeshifter) (D:15)
  20 hornets
  24 tarantellas
  11 tyrant leeches
  3 meliai (Spider:2)
  A hornet (shapeshifter) (Depths:2)
  Prince Ribbit (D:8)
  17 blink frogs
  2 glass eyes (Depths:2)
  10 dream sheep
  18 slime creatures
  A centaur simulacrum (D:15)
  23 culicivoras
  4 vampires
  13 spriggans
  16 jumping spiders
  A slime creature (shapeshifter) (Vaults:5)
  4 air elementals
  3 shadows
  48 yaks
  3 hogs (D:11)
  5 wyverns
  5 basilisks
  6 humans
  7 wraiths
  3 fire elementals
  A dire elephant simulacrum (IceCv)
  3 golden eyes (D:12)
  16 vampire mosquitoes
  A steam dragon (D:6)
  A steam dragon (shapeshifter) (Elf:2)
  3 swamp worm simulacra (Swamp:4)
  5 wargs
  3 harpy simulacra
  57 redbacks
  11 minotaur simulacra
  14 swamp worms
  17 water moccasins
  15 hydra simulacra
  2 sky beasts
  44 orc warriors
  10 ice beasts
  5 black bears
  2 swamp drakes
  7 centaurs
  25 wolves
  3 ogres
  Blork the orc (D:6)
  5 kobold brigands
  11 bullfrogs
  2 necrophages (Swamp:4)
  5 wights (D:9)
  4 deep troll simulacra
  5 lindwurm simulacra
  7 killer bees (D:9)
  7 electric eels
  2 howler monkeys (D:8)
  7 hounds
  3 jellies (D:6)
  21 orc priests
  A gnoll bouda (D:4)
  27 orc wizards
  2 iguanas
  4 sleepcaps
  Robin (D:3)
  9 adders
  9 gnolls
  2 river rats (D:10)
  5 shadow imps (D:7)
  4 white imps
  5 swamp drake simulacra (Swamp:4)
  4 ufetubi (D:6)
  2 worms (D:2)
  2 dart slugs
  90 orcs
  4 ball pythons
  6 bats
  8 endoplasms
  3 giant cockroaches
  11 goblins
  15 hobgoblins
  7 jackals
  9 quokkas
  5 frilled lizards
  17 kobolds
  8 rats
1950 creatures vanquished.

Vanquished Creatures (others)
  A storm dragon (Zot:3)
  A tengu warrior (Depths:1)
  An alligator (Swamp:4)
  A deep elf knight (Elf:2)
  2 yaktaurs
  A hornet (Swamp:4)
  2 bloated husks (Swamp:2)
  2 spriggans (Swamp:4)
  A human (D:14)
  A yak (Lair:5)
  A centaur (D:13)
  4 orcs
  12 foxfires (Swamp:3)
30 creatures vanquished.

Grand Total: 1980 creatures vanquished

Notes
Turn   | Place    | Note
-------+----------+-------------------------------------------
     0 | D:1      | bakla the Demonspawn Fighter began the quest for the Orb.
     0 | D:1      | Reached XP level 1. HP: 18/18 MP: 1/1
   231 | D:1      | Gained mutation: You have a pair of small horns on your
                  | head. [demonic ancestry]
   231 | D:1      | Reached XP level 2. HP: 21/24 MP: 2/2
   811 | D:2      | Reached skill level 1 in Dodging
   959 | D:2      | Gained mutation: You have a pair of horns on your head.
                  | [demonic ancestry]
   959 | D:2      | Reached XP level 3. HP: 28/29 MP: 3/3
  1130 | D:2      | Found a faded altar of an unknown god.
  1490 | D:2      | Gained mutation: You may rarely emit foul miasma when
                  | damaged in melee. [demonic ancestry]
  1490 | D:2      | Reached XP level 4. HP: 32/37 MP: 4/4
  2330 | D:3      | Noticed Robin
  2350 | D:3      | Killed Robin
  2351 | D:3      | Reached XP level 5. HP: 34/42 MP: 5/5
  2388 | D:3      | Found a transporter.
  2391 | D:3      | Noticed hgbash's ghost (amateur GrEE)
  2428 | D:3      | Found a transporter.
  3112 | D:4      | Reached XP level 6. HP: 49/49 MP: 6/6
  3402 | D:4      | HP: 1/49 [orc priest/+1 hand axe of electrocution (20)]
  4100 | D:4      | Reached skill level 5 in Fighting
  4239 | D:5      | Entered Level 5 of the Dungeon
  4261 | D:5      | Noticed an ice beast
  4304 | D:5      | Found an ornate altar of the Wu Jian Council.
  4350 | D:5      | Noticed a sky beast
  4361 | D:5      | Killed a sky beast
  4362 | D:5      | Reached XP level 7. HP: 56/56 MP: 7/7
  4506 | D:5      | Reached skill level 5 in Long Blades
  4737 | D:5      | Found a shimmering blue altar of Sif Muna.
  4833 | D:5      | Identified the +7 mace of Immorality {vamp, Contam MP+9
                  | Str-4 Dex+8}
  5129 | D:5      | Found Tutsil's Jewellery Emporium.
  5255 | D:6      | Reached XP level 8. HP: 64/64 MP: 8/8
  5534 | D:6      | Found a runed translucent door.
  5534 | D:6      | Noticed pokeman's ghost (novice DEHW)
  5863 | D:6      | Noticed Blork the orc
  5868 | D:6      | Killed Blork the orc
  6077 | D:6      | Found a staircase to the Ecumenical Temple.
  6084 | Temple   | Entered the Ecumenical Temple
  6258 | D:6      | Reached skill level 5 in Dodging
  7109 | D:7      | Noticed a hellwing
  7254 | D:7      | Reached XP level 9. HP: 40/71 MP: 9/9
  8187 | D:8      | Identified the "Haofose"
  8353 | D:8      | Noticed Gastronok
  8578 | D:8      | Noticed Prince Ribbit
  8592 | D:8      | Killed Prince Ribbit
  8593 | D:8      | Gained mutation: You have a pair of large horns on your
                  | head. [demonic ancestry]
  8593 | D:8      | Reached XP level 10. HP: 65/80 MP: 10/10
  8716 | D:8      | Noticed Joseph
  8720 | D:8      | Noticed Maggie
  8723 | D:8      | Killed Joseph
  8731 | D:8      | Maggie changed into Maggie the water moccasin
  8731 | D:8      | Noticed Maggie
  8740 | D:8      | Killed Maggie the water moccasin
  8917 | D:8      | Noticed a skeletal warrior
  9230 | D:8      | Found an opulent altar of Gozag.
  9284 | D:9      | Found a radiant altar of Vehumet.
  9315 | D:9      | Found a stormy altar of Qazlal.
  9361 | D:9      | Reached skill level 10 in Long Blades
  9968 | D:9      | Found a basalt altar of Yredelemnul.
  9968 | D:9      | Found a shadowy altar of Dithmenos.
 10697 | D:10     | Entered Level 10 of the Dungeon
 10697 | D:10     | Noticed a two-headed ogre
 11052 | D:10     | Found a snail-covered altar of Cheibriados.
 11362 | D:10     | Noticed a death yak
 11504 | D:10     | Found Keoreafa's Armour Shoppe.
 11511 | D:10     | Bought a +2 buckler of protection for 279 gold pieces
 11548 | D:10     | Killed a two-headed ogre
 11625 | D:10     | Found an iron altar of Okawaru.
 11628 | D:10     | Became a worshipper of Warmaster Okawaru
 11658 | D:10     | Killed a death yak
 11659 | D:10     | Reached skill level 1 in Invocations
 11774 | D:10     | Reached XP level 11. HP: 89/89 MP: 10/12
 11889 | D:10     | Found a staircase to the Lair.
 11901 | Lair:1   | Entered Level 1 of the Lair of Beasts
 11916 | Lair:1   | Reached * piety under Okawaru
 12014 | Lair:1   | Reached skill level 2 in Invocations
 12213 | Lair:1   | Reached skill level 3 in Invocations
 12390 | Lair:1   | Reached ** piety under Okawaru
 12404 | Lair:1   | Reached skill level 4 in Invocations
 12848 | Lair:1   | Reached *** piety under Okawaru
 12849 | Lair:1   | Reached skill level 10 in Fighting
 12994 | Lair:1   | Noticed a catoblepas
 13238 | Lair:2   | Reached skill level 5 in Invocations
 13243 | Lair:2   | Noticed a skyshark
 13552 | Lair:1   | Killed a catoblepas
 13559 | Lair:1   | Reached **** piety under Okawaru
 13560 | Lair:1   | Reached skill level 6 in Invocations
 13633 | Lair:2   | Noticed a five-headed hydra
 13641 | Lair:2   | Killed a five-headed hydra
 13784 | Lair:1   | Reached XP level 12. HP: 56/98 MP: 13/16
 14238 | Lair:2   | Reached skill level 7 in Invocations
 14296 | Lair:2   | Noticed an eight-headed hydra
 14731 | Lair:2   | Noticed a four-headed hydra
 14773 | D:10     | Gained mutation: You possess an exceptional clarity of
                  | mind. [potion of mutation]
 14773 | D:10     | Lost mutation: You possess an exceptional clarity of mind.
                  | [potion of mutation]
 14801 | D:10     | Noticed a death yak
 15671 | D:11     | Reached ***** piety under Okawaru
 15725 | D:11     | Reached skill level 8 in Invocations
 15911 | D:11     | Received a gift from Okawaru
 16225 | D:11     | Found a staircase to the Orcish Mines.
 16652 | D:12     | Reached skill level 10 in Dodging
 16750 | D:12     | Reached skill level 9 in Invocations
 17111 | D:12     | Noticed Psyche
 17140 | D:12     | Killed Psyche
 18222 | D:13     | Noticed a centaur warrior
 18231 | D:13     | Killed a centaur warrior
 18391 | D:13     | Noticed a boulder beetle
 18417 | D:13     | Killed a boulder beetle
 18598 | D:13     | Gained mutation: A meltable shield of frost defends you.
                  | (SH +4) [demonic ancestry]
 18598 | D:13     | Reached XP level 13. HP: 100/107 MP: 20/20
 18659 | D:13     | Found Ununluqa's Jewellery Boutique.
 19091 | D:13     | Bought a ring of poison resistance for 280 gold pieces
 19091 | D:13     | Bought a ring of see invisible for 210 gold pieces
 19142 | D:13     | Reached skill level 10 in Invocations
 20326 | Lair:3   | Received a gift from Okawaru
 21140 | Lair:3   | Reached ****** piety under Okawaru
 21141 | Lair:3   | Acquired the +1 demon blade of the Mouth {venom, rElec}
 21141 | Lair:3   | Received a gift from Okawaru
 21144 | Lair:3   | Acquired the +2 cloak "Koublunt" {rPois Str+6 SInv Stlth-}
 21144 | Lair:3   | Received a gift from Okawaru
 21217 | Lair:3   | Received a gift from Okawaru
 21973 | Lair:3   | Found a staircase to the Swamp.
 22694 | Lair:4   | Identified the +1 dagger of Winter {spect, Fragile Will+
                  | Str+3 Int+4}
 22740 | Lair:4   | Reached XP level 14. HP: 118/118 MP: 21/21
 23263 | Lair:5   | Entered Level 5 of the Lair of Beasts
 24115 | D:14     | Received a gift from Okawaru
 24666 | D:14     | Received a gift from Okawaru
 24757 | D:14     | Found a gate to the Vaults.
 25059 | D:15     | Entered Level 15 of the Dungeon
 25491 | D:15     | Reached skill level 15 in Fighting
 25889 | D:15     | Found a staircase to the Depths.
 26154 | Orc:1    | Entered Level 1 of the Orcish Mines
 26159 | Orc:1    | Received a gift from Okawaru
 26161 | Orc:1    | Gained mutation: You are strong-willed. (Will+) [a neqoxec]
 26762 | Orc:1    | Reached XP level 15. HP: 96/129 MP: 22/22
 27163 | Orc:2    | Entered Level 2 of the Orcish Mines
 27220 | Orc:2    | Found a staircase to the Elven Halls.
 27317 | Orc:2    | Received a gift from Okawaru
 27402 | Orc:2    | Paralysed by an orc sorcerer for 5 turns
 27553 | Orc:2    | Paralysed by an orc sorcerer for 2 turns
 27767 | Orc:2    | Noticed Erolcha
 27787 | Orc:2    | Killed Erolcha
 27873 | Orc:2    | Found Xecoc's Weapon Shoppe.
 27939 | Orc:2    | Found Firyor's Book Shoppe.
 27955 | Orc:2    | Found Gorer's General Store.
 27962 | Orc:2    | Bought a throwing net for 42 gold pieces
 27962 | Orc:2    | Bought a potion of curing for 42 gold pieces
 27971 | Orc:2    | Found Peps's Antique Weapon Shoppe.
 27986 | Orc:2    | Found Cocon's Antique Armour Shoppe.
 27994 | Orc:2    | Bought a faintly glowing leather armour for 140 gold pieces
 27994 | Orc:2    | Identified the +0 leather armour of the Shining Light {rC+
                  | rN+++ Will+ Dex-5} (You bought it in a shop on level 2 of
                  | the Orcish Mines)
 28010 | Orc:2    | Bought a book of Changes for 252 gold pieces
 28013 | Orc:2    | Learned a level 2 spell: Wereblood
 28551 | Lair:2   | Received a gift from Okawaru
 28725 | Lair:2   | Found the +4 robe of Augmentation {Str+4 Int+4 Dex+4}
 28864 | Lair:2   | Found a hole to the Spider Nest.
 29663 | Lair:5   | Found a staircase to the Slime Pits.
 29937 | Lair:5   | Reached skill level 15 in Dodging
 30013 | Lair:5   | Received a gift from Okawaru
 30670 | Lair:5   | Received a gift from Okawaru
 30697 | Lair:5   | Identified the staff of Poverty {+Blink rN+ Int+4 Dex-5
                  | Necro Earth}
 30954 | Swamp:1  | Entered Level 1 of the Swamp
 31186 | Swamp:1  | Gained mutation: You are robust. (+10% HP) [demonic
                  | ancestry]
 31186 | Swamp:1  | Reached XP level 16. HP: 124/155 MP: 23/23
 31323 | Arena    | Entered the Arena
 32198 | Swamp:2  | You fall into a shaft and drop 1 floor!
 32443 | Swamp:3  | Received a gift from Okawaru
 32533 | Arena    | Entered the Arena
 33151 | Swamp:2  | Identified the +2 hand axe of Offence {drain, rF++}
 33787 | Swamp:3  | Received a gift from Okawaru
 34079 | Swamp:4  | Entered Level 4 of the Swamp
 34537 | Swamp:4  | Noticed a tentacled monstrosity
 34589 | Swamp:4  | Paralysed by a fenstrider witch for 2 turns
 35019 | Swamp:4  | Killed a tentacled monstrosity
 35808 | Swamp:4  | Received a gift from Okawaru
 36673 | Swamp:4  | Got a decaying rune of Zot
 36890 | Vaults:5 | Identified the "Erawy"
 36890 | Vaults:5 | Identified the "Ypnenuc"
 36890 | Crypt:3  | Identified the "Ydiowk"
 36890 | Elf:1    | Entered Level 1 of the Elven Halls
 36970 | Elf:1    | Gained mutation: You sometimes emit foul miasma when
                  | damaged in melee. [demonic ancestry]
 36970 | Elf:1    | Reached XP level 17. HP: 161/166 MP: 24/24
 37215 | Elf:1    | Paralysed by an air elemental for 1 turns
 37553 | Elf:1    | Found Pian's Book Boutique.
 37553 | Elf:1    | Found Vemiogaos's Jewellery Emporium.
 37554 | Elf:1    | Found Foutaoj's Jewellery Emporium.
 37564 | Elf:1    | Bought a ring of protection from fire for 275 gold pieces
 37570 | Elf:1    | Bought a ring of willpower for 325 gold pieces
 37951 | Elf:1    | Received a gift from Okawaru
 39022 | Elf:2    | Received a gift from Okawaru
 39111 | Elf:2    | Found Caezaats's Magic Scroll Shoppe.
 39119 | Elf:2    | Bought a scroll of fear for 76 gold pieces
 39119 | Elf:2    | Bought a scroll of immolation for 76 gold pieces
 39119 | Elf:2    | Bought a scroll of fog for 76 gold pieces
 39167 | Elf:2    | Found a runed translucent gate.
 39168 | Elf:2    | Found a runed translucent gate.
 39168 | Elf:2    | Found a runed translucent gate.
 39734 | Elf:3    | Identified the of Berchuziw
 39734 | Elf:3    | Entered Level 3 of the Elven Halls
 39739 | Elf:3    | Found a frozen archway.
 39827 | IceCv    | Entered an ice cave
 40616 | IceCv    | Noticed an Ice Fiend
 40663 | IceCv    | Killed an Ice Fiend
 40789 | IceCv    | Identified the +4 triple crossbow "Oloful" {flame, Will+}
 40882 | IceCv    | Received a gift from Okawaru
 41303 | Elf:3    | Noticed a deep elf master archer
 41308 | Elf:3    | Noticed a deep elf blademaster
 41316 | Elf:3    | Noticed a Tzitzimitl
 41319 | Elf:3    | Killed a deep elf master archer
 41322 | Elf:3    | Killed a deep elf blademaster
 41322 | Elf:3    | Received a gift from Okawaru
 41977 | Elf:3    | Noticed a deep elf blademaster
 41979 | Elf:3    | Noticed a deep elf master archer
 41998 | Elf:3    | Killed a deep elf blademaster
 42007 | Elf:3    | Killed a deep elf master archer
 42013 | Elf:3    | Killed a ghostly deep elf master archer
 42052 | Elf:3    | Identified the ring of Mocuppugh {rC+ rCorr Dex+4}
 42068 | Elf:3    | Gained mutation: You have a somewhat thin skeletal
                  | structure. (Dex +2, Stealth+) [demonic ancestry]
 42068 | Elf:3    | Reached XP level 18. HP: 177/178 MP: 25/25
 42068 | Elf:3    | Identified the +0 robe of the Evil One {rN+ Dex-2 Archmagi}
 42069 | Elf:3    | Identified the +7 rapier "Zozut" {speed, *Slow Str-4 Int+9
                  | Dex+4}
 42069 | Elf:3    | Identified the ring "Qest" {rC+ Str+4}
 42104 | Elf:3    | Received a gift from Okawaru
 42298 | Elf:3    | Gained mutation: You do not regenerate when monsters are
                  | visible. [a neqoxec]
 42328 | Elf:3    | Lost mutation: You are strong-willed. (Will+) [potion of
                  | mutation]
 42328 | Elf:3    | Lost mutation: You do not regenerate when monsters are
                  | visible. [potion of mutation]
 42328 | Elf:3    | Gained mutation: Your spells are a little harder to cast,
                  | but a little more powerful. [potion of mutation]
 42328 | Elf:3    | Gained mutation: Your spells are harder to cast, but more
                  | powerful. [potion of mutation]
 42444 | Elf:3    | Identified the +14 crystal plate armour "Xuentiduda" {-Cast
                  | Rampage rF+}
 42914 | Spider:1 | Entered Level 1 of the Spider Nest
 43386 | Spider:1 | Reached skill level 1 in Stealth
 43706 | Spider:1 | Received a gift from Okawaru
 44311 | Spider:2 | Received a gift from Okawaru
 44312 | Spider:2 | Reached skill level 5 in Stealth
 44393 | Spider:2 | Found a transporter.
 44393 | Spider:2 | Noticed Bephimom's ghost (adept DsFi)
 44411 | Spider:2 | Found a transporter.
 45138 | Spider:3 | Identified the +2 ring mail of the Trees {Stlth+}
 45456 | Spider:3 | Noticed Mara
 45463 | Spider:3 | Noticed bakla's illusion
 45779 | Spider:3 | Noticed bakla's illusion
 45813 | Spider:3 | Killed Mara
 46326 | Spider:4 | Entered Level 4 of the Spider Nest
 46480 | Spider:4 | Received a gift from Okawaru
 46887 | Spider:4 | Reached skill level 5 in Armour
 47416 | Spider:4 | Gained mutation: You have a moderately thin skeletal
                  | structure. (Dex +4, Stealth++) [demonic ancestry]
 47416 | Spider:4 | Reached XP level 19. HP: 185/185 MP: 0/26
 47417 | Spider:4 | Received a gift from Okawaru
 47665 | Spider:4 | Got a gossamer rune of Zot
 48120 | Vaults:1 | Entered Level 1 of the Vaults
 48366 | Vaults:1 | Received a gift from Okawaru
 48733 | Vaults:1 | Reached skill level 10 in Armour
 49157 | Vaults:1 | Received a gift from Okawaru
 49643 | Vaults:2 | Paralysed by a sphinx for 3 turns
 49902 | Vaults:2 | Noticed an ancient lich
 49963 | Vaults:2 | Killed an ancient lich
 50084 | Vaults:2 | Gained mutation: A meltable icy envelope protects you from
                  | harm. (AC +4) [demonic ancestry]
 50084 | Vaults:2 | Reached XP level 20. HP: 193/193 MP: 27/27
 50135 | Vaults:2 | Received a gift from Okawaru
 50477 | Vaults:2 | Found Rude's Magic Scroll Shop.
 50483 | Vaults:2 | Bought a scroll of enchant weapon for 112 gold pieces
 50483 | Vaults:2 | Bought a scroll of enchant weapon for 112 gold pieces
 50483 | Vaults:2 | Bought a scroll of enchant weapon for 112 gold pieces
 50483 | Vaults:2 | Bought a scroll of teleportation for 45 gold pieces
 50483 | Vaults:2 | Bought a scroll of teleportation for 45 gold pieces
 50483 | Vaults:2 | Bought a scroll of fog for 60 gold pieces
 50575 | Vaults:2 | Noticed Donald
 50598 | Vaults:2 | Killed Donald
 50699 | Vaults:2 | Found a portal to a secret trove of treasure.
 50846 | Vaults:3 | Paralysed by a vampire knight for 3 turns
 51205 | Vaults:3 | Received a gift from Okawaru
 51327 | Vaults:3 | Reached skill level 15 in Armour
 51987 | Vaults:3 | Found a staircase to the Crypt.
 52171 | Vaults:4 | Received a gift from Okawaru
 52228 | Vaults:4 | Reached skill level 5 in Shields
 52779 | Vaults:4 | Reached skill level 15 in Long Blades
 52783 | Vaults:4 | Received a gift from Okawaru
 52834 | Vaults:4 | Found Ittinnua's General Store.
 52842 | Vaults:4 | Bought a potion of haste for 200 gold pieces
 52984 | Vaults:4 | Reached XP level 21. HP: 201/201 MP: 28/28
 53293 | Vaults:5 | Entered Level 5 of the Vaults
 53386 | Vaults:5 | Received a gift from Okawaru
 53460 | Vaults:5 | Noticed a golden dragon
 53460 | Vaults:5 | Noticed a golden dragon
 53463 | Vaults:5 | Identified the amulet "Fillal" {Acrobat rF+ rN+}
 53484 | Vaults:5 | Received a gift from Okawaru
 53484 | Vaults:5 | Killed a golden dragon
 53485 | Vaults:5 | Reached skill level 10 in Shields
 53485 | Vaults:5 | Noticed an ancient lich
 53486 | Vaults:5 | Noticed a golden dragon
 53609 | Vaults:5 | Killed an ancient lich
 53709 | Vaults:5 | Received a gift from Okawaru
 53805 | Arena    | Entered the Arena
 53925 | Vaults:5 | Received a gift from Okawaru
 53988 | Vaults:5 | Gained mutation: You have an unnaturally thin skeletal
                  | structure. (Dex +6, Stealth+++) [demonic ancestry]
 53988 | Vaults:5 | Reached XP level 22. HP: 146/206 MP: 29/29
 53991 | Vaults:5 | Identified the +4 hand cannon "Meownyud" {elec, Int+3}
 53991 | Vaults:5 | Identified the +8 rapier of Hospitality {speed, Fly rF-
                  | Int+7 SInv}
 54012 | Vaults:5 | Killed a golden dragon
 54031 | Arena    | Entered the Arena
 54079 | Vaults:5 | Killed a golden dragon
 54227 | Vaults:5 | Identified the +5 longbow of Terra Cotta {heavy, Int+6}
 54452 | Vaults:5 | Found the +2 shield of Resistance {rF++ rC++ Will++}
 54470 | Vaults:5 | Got a silver rune of Zot
 54865 | Vaults:5 | Identified the staff of Jyskogh {rPois rF+++ Will+++ Str-5
                  | Int-2 Poison}
 54904 | Vaults:5 | Noticed a golden dragon
 54919 | Vaults:5 | Killed a golden dragon
 55258 | Depths:1 | Entered Level 1 of the Depths
 55370 | Depths:1 | Received a gift from Okawaru
 55421 | Depths:1 | Found a sparkling altar of Nemelex Xobeh.
 55936 | Depths:1 | Found a gateway to Hell.
 56122 | Depths:1 | Found Jischeusiu's Assorted Antiques.
 56131 | Depths:1 | Bought 2 potions of curing for 312 gold pieces
 56467 | Depths:2 | Received a gift from Okawaru
 56487 | Depths:2 | Reached skill level 11 in Invocations
 56528 | Depths:2 | Reached skill level 15 in Shields
 56973 | Depths:2 | Found a one-way gateway to a ziggurat.
 57015 | Depths:2 | Reached skill level 12 in Invocations
 57117 | Depths:2 | Found a shadowy altar of Dithmenos.
 57544 | Depths:2 | Found a one-way gate leading to the halls of Pandemonium.
 57605 | Depths:3 | Received a gift from Okawaru
 57725 | Depths:3 | Found a one-way gate to the infinite horrors of the Abyss.
 57730 | Depths:3 | Noticed Louise
 57762 | Depths:3 | Killed Louise
 57911 | Depths:3 | Reached skill level 13 in Invocations
 58088 | Depths:3 | Received a gift from Okawaru
 58405 | Depths:3 | Gained mutation: You frequently emit foul miasma when
                  | damaged in melee. [demonic ancestry]
 58405 | Depths:3 | Reached XP level 23. HP: 215/215 MP: 33/33
 58726 | Depths:4 | Entered Level 4 of the Depths
 58741 | Depths:4 | Reached skill level 14 in Invocations
 58990 | Depths:4 | Found a gate to the Realm of Zot.
 59018 | Depths:4 | Received a gift from Okawaru
 59047 | Depths:4 | Reached skill level 15 in Invocations
 59117 | Depths:4 | Found a corrupted altar of Lugonu.
 59681 | Zot:1    | Entered Level 1 of the Realm of Zot
 60069 | Zot:1    | Identified a scroll of acquirement
 60125 | Zot:1    | Reached skill level 16 in Invocations
 60183 | Zot:1    | Acquired a manual of Invocations
 60220 | Zot:2    | Found the +4 dragonskin cloak
 60220 | Zot:2    | Noticed Tiamat
 60250 | Zot:1    | Received a gift from Okawaru
 60328 | Zot:1    | Reached skill level 17 in Invocations
 60523 | Zot:3    | Found a huge runed gate.
 60570 | Zot:3    | Reached skill level 18 in Invocations
 60572 | Zot:3    | Found a huge runed gate.
 60572 | Zot:3    | Found a huge runed gate.
 60659 | Zot:4    | Reached skill level 19 in Invocations
 60666 | Zot:4    | Received a gift from Okawaru
 60734 | Zot:4    | Reached skill level 20 in Invocations
 60745 | Zot:4    | Noticed Vv
 60793 | Zot:4    | Killed Vv
 60847 | Zot:4    | Noticed a dread lich
 60865 | Zot:4    | Reached skill level 21 in Invocations
 60867 | Arena    | Entered the Arena
 60873 | Arena    | Killed a dread lich
 60898 | Zot:4    | Received a gift from Okawaru
 60928 | Zot:4    | Noticed an ancient lich
 60946 | Zot:4    | Killed an ancient lich
 60947 | Zot:4    | Reached skill level 22 in Invocations
 60952 | Arena    | Entered the Arena
 61207 | Zot:4    | Identified the +8 longbow "Iweats" {drain, Str+3}
 61221 | Zot:5    | Identified the "Xoobuw"
 61221 | Zot:5    | Entered Level 5 of the Realm of Zot
 61387 | Zot:5    | Noticed a curse toe
 61401 | Zot:5    | Killed a curse toe
 61402 | Zot:5    | Reached XP level 24. HP: 209/224 MP: 38/38
 61552 | Zot:5    | Received a gift from Okawaru
 61668 | Zot:5    | Noticed a Killer Klown
 61689 | Zot:5    | Noticed a Killer Klown
 61699 | Zot:5    | Killed a Killer Klown
 61722 | Zot:5    | Killed a Killer Klown
 61882 | Zot:5    | Noticed a dread lich
 61892 | Zot:5    | Noticed an ancient lich
 61899 | Zot:5    | Killed a dread lich
 61900 | Zot:5    | Reached skill level 23 in Invocations
 61906 | Zot:5    | Killed an ancient lich
 61911 | Zot:5    | Received a gift from Okawaru
 61984 | Zot:5    | Noticed a dread lich
 61984 | Zot:5    | Noticed a dread lich
 62018 | Zot:5    | Killed a dread lich
 62022 | Zot:5    | Killed a dread lich
 62172 | Zot:5    | Noticed an orb of fire
 62173 | Zot:5    | Got the Orb of Zot
 62185 | Zot:5    | Gained mutation: You have sharp toenails. [an orb of fire]
 62196 | Zot:5    | Killed an orb of fire
 62275 | Zot:4    | Noticed Turhia the pandemonium lord
 62357 | Zot:1    | Noticed Teavahie the pandemonium lord
 62507 | D:14     | Received a gift from Okawaru
 62527 | D:14     | Noticed Qomaofe the pandemonium lord
 62814 | D:2      | Noticed Puonag the pandemonium lord
 62870 | D:$      | Escaped with the Orb!

Illustrated notes

Levels and vault maps discovered:
D:1:      dpeg_arrival_round_c, layout_loops_ring, grunt_decor_resistance,
          minmay_misc_feat_columns, serial_bayou_lagoon_b
D:2:      minmay_inner_zag, layout_basic, hellmonk_ecumenical_altar_lost_god
D:3:      layout_loops_corners, gammafunk_ghost_stat_death,
          minmay_joined_circles, uniq_robin
D:4:      layout_loops_corners
D:5:      layout_gridville, led_sif_pool,
          mainiacjoe_overflow_concentric_impassable, serial_shops, shop
D:6:      layout_loops_corners, minmay_temple_entry_junction_2,
          gammafunk_ghost_grave, uniq_blork_the_orc
D:7:      cheibrodos_grave_circle, layout_gridville
D:8:      layout_rooms, lemuel_round_altar, serial_corexii_hall,
          corexii_hall_statues_s, corexii_hall_statues_x, uniq_gastronok,
          uniq_prince_ribbit1, uniq_maggie, uniq_joseph
D:9:      layout_basic, nicolae_tso_carved_into_rock, mainiacjoe_overflow_paths,
          mainiacjoe_overflow_alcove_1, gammafunk_temple_overflow_forgotten
D:10:     layout_cave_pods, mainiacjoe_overflow_cross_hatched, kennysheep_mini,
          dpeg_lair_monsters, serial_shops, shop
D:11:     minmay_ice_pillars, layout_loops_ring, hiddenorc1_lemuel,
          grunt_livestock
D:12:     layout_layer_cave, uniq_psyche
D:13:     layout_loops_ring, serial_shops, nicolae_shop_advertising_works
          [nicolae_subvault_shop_adworks]
D:14:     layout_roguey, ximxim_vaults_locker_room, wad_floor_pattern_untrapped
D:15:     hangedman_depths_entry_try_elsewhere_first, layout_basic,
          minmay_hedge_maze, zin_treasury
Temple:   hellmonk_temple_of_storms
Lair:1:   layout_misc_corridors
Lair:2:   layout_gridlike, spider_nest_entry_funnel_web, grunt_megastairs_2,
          infiniplex_staircase_pool_2
Lair:3:   layout_chaotic_city, minmay_swamp_entry_worms, basic_altar
Lair:4:   layout_cave_pods
Lair:5:   evilmike_catoblepas_cave, layout_cave_pods, slime_entry_1,
          grunt_forest_stairs_basic
Swamp:1:  layout_basic_swamp, nicolae_swamp_well_well_well
Swamp:2:  layout_falls_marsh, nicolae_swamp_tree_designs
Swamp:3:  layout_basic_swamp, serial_swamp_ruin, evilmike_swamp_ruin_house_5,
          evilmike_swamp_ruin_house_2, evilmike_swamp_ruin_house_1
Swamp:4:  swamp_icy, layout_basic_swamp
Spider:1: layout_spider_delve
Spider:2: layout_spider_delve, gammafunk_ghost_arena
Spider:3: layout_spider_delve, uniq_mara
Spider:4: spider_rune_water
Orc:1:    layout_caves, einodemon_armed_red_devil_minivault
Orc:2:    grunt_orc_cross, layout_diamond_mine, serial_shops, shop, basic_altar,
          minmay_orc_barracks, uniq_erolcha
Elf:1:    elf_arrival_002, layout_geoelf_octagon, evilmike_minifort,
          minmay_shop_grove
Elf:2:    nicolae_elf_blades_crystal_corner, layout_geoelf_octagon,
          serial_shops, nicolae_shop_temple_entry_statues_fountains
Elf:3:    grunt_elf_hall_branching, layout_geoelf_castle,
          portal_ice_cave_entry_ice_simulacra, nicolae_elf_stair_hall
Vaults:1: nicolae_vaults_storage_closets_2, nicolae_vaults_prndl,
          vaults_room_grunt_arrival_checkpoint,
          nicolae_vaults_closet_pinwheel_2, special_room_vaults
          [special_room_orc], nicolae_vaults_turnstiles,
          ontoclasm_vaults_shuriken, v_misc_12, vaults_room_hallway,
          nicolae_vaults_apartment_2, layout_vaults_omnigrid
Vaults:2: nicolae_vaults_tetromino_T_1, nicolae_vaults_diamond_2,
          nicolae_vaults_tangram_1, ontoclasm_vaults_ring_large,
          nicolae_vaults_you_can_take_it_with_you, grunt_vaults_funnel,
          nicolae_vaults_closet_pinwheel_6, nicolae_vaults_ellipses_ellipsis,
          v_misc_13, v_pattern_5, vaults_room_ringed_pool, vaults_room_pools,
          nicolae_vaults_network_square, ontoclasm_vaults_hangar,
          layout_vaults_maze_snakey, serial_shops,
          nicolae_shop_tiny_statue_garden, nicolae_trove_entry_crystal,
          uniq_donald
Vaults:3: nicolae_vaults_more_shelving_2, nicolae_vaults_what_the_h,
          nicolae_vaults_offset_grid_hallway_4, nicolae_vaults_octothorpe,
          v_alt_pattern_1, ontoclasm_vaults_ring_square,
          nicolae_vaults_tetromino_T_2, minmay_crypt_entry_vampire_xt,
          nicolae_vaults_alarming, nicolae_vaults_display_case,
          nicolae_vaults_three_branches, vaults_room_fours,
          dpeg_vaults_monster_box, nicolae_vaults_tetromino_Z_1,
          nicolae_vaults_tetromino_L_2, vaults_room_pool,
          layout_vaults_chaotic_city
Vaults:4: nicolae_vaults_windows_and_doors_thing, nicolae_vaults_trapezoid_3,
          nicolae_vaults_door_testing_chamber, v_misc_29,
          hangedman_vaults_pinch, vaults_room_pools, ontoclasm_vaults_tryst,
          nicolae_vaults_trapezoid_1, grunt_vaults_hallway_short,
          nicolae_vaults_circle_grid_a, layout_vaults_omnibox, serial_shops,
          shop
Vaults:5
Depths:1: layout_twisted_cross, serial_shops, shop,
          nemelex_xobeh_ov_fountains_minmay, hell_entry, abandoned_shop,
          roderic_lattice_a, kennysheep_boxes, serial_bayou_shore_b
Depths:2: evilmike_diamond_1, layout_cave_shapes, enter_ziggurat_a,
          rand_demon_pan_entry_4, grunt_dithmenos_smoke, hellmouth_1,
          infiniplex_staircase_zigzag_1
Depths:3: minmay_polygon_palace, layout_long_grid, nicolae_elyvilon_temple_path,
          hell_entry, nicolae_abyss_entry_one_way_or_another,
          rand_demon_pan_entry_7
Depths:4: evilmike_zot_entry_diamond, layout_long_grid, nicolae_two_hexagons,
          grunt_mini_vestibule, abyss_entry_flame_altar
Zot:1:    dreamdust_zin_vs_xom, layout_cathedral_of_symmetry
Zot:2:    layout_gridlike, uniq_tiamat
Zot:3:    layout_basic, not_door_vault_due
Zot:4:    hangedman_zot_vaults_quadrants, layout_cathedral_of_symmetry,
          skrybe_zot_glass_1, uniq_vv
Zot:5:    layout_gridlike, bh_zot_ikea_curve

Skill      XL: |  1  2  3  4  5  6  7  8  9 10 11 12 13 14 15 16 17 18 19 20 21 22 23 24 |
---------------+-------------------------------------------------------------------------+-----
Long Blades    | 2 3 4 5 7 9 11 12 13 14 15 16 | 16.0
Dodging        | 1 2 3 4 5 6 7 9 10 11 13 15 17 19 20 | 20.8
Fighting       | 4 5 6 8 9 10 11 13 15 17 18 20 21 | 21.0
Invocations    | 1 6 9 10 13 22 23 | 23.7
Stealth        | 8 |  8.7
Armour         | 6 13 15 | 15.6
Shields        | 7 13 15 17 | 17.0

Action                     |  1- 3 |  4- 6 |  7- 9 | 10-12 | 13-15 | 16-18 | 19-21 | 22-24 || total
---------------------------+-------+-------+-------+-------+-------+-------+-------+-------++-------
  Melee: Long sword        |   129 |   172 |   302 |    83 |       |       |       |       ||   686
         Headbutt          |    16 |    20 |    79 |   227 |   557 |   601 |   715 |   787 ||  3002
         Falchion          |       |       |       |   730 |   288 |       |       |       ||  1018
         Unarmed           |       |       |       |     5 |       |       |       |       ||     5
         Demon blade       |       |       |       |       |  1437 |  1775 |    75 |       ||  3287
         Rapier            |       |       |       |       |    16 |       |       |       ||    16
         Scimitar          |       |       |       |       |    17 |   213 |       |       ||   230
         Double sword      |       |       |       |       |       |    10 |  1746 |  1901 ||  3657
  Throw: Dart              |       |       |       |    20 |    18 |       |       |       ||    38
         Throwing net      |       |       |       |       |       |     1 |       |       ||     1
 Invoke: Heroism           |       |       |       |    14 |     9 |    15 |     9 |    14 ||    61
         Receive Weapon    |       |       |       |       |     1 |       |       |       ||     1
         Receive Armour    |       |       |       |       |     1 |       |       |       ||     1
         Duel              |       |       |       |       |       |     2 |     1 |     3 ||     6
         Finesse           |       |       |       |       |       |     1 |     2 |     2 ||     5
  Evoke: Wand              |       |    11 |     1 |    30 |    28 |    15 |     2 |     2 ||    89
    Use: Scroll            |     2 |    11 |     5 |    10 |     5 |    17 |    14 |    16 ||    80
         Potion            |     1 |     1 |     3 |     8 |     3 |    12 |     6 |    10 ||    44
   Stab: Distracted        |       |     1 |       |       |       |     3 |     3 |       ||     7
         Petrified         |       |       |       |       |     3 |       |       |       ||     3
         Petrifying        |       |       |       |       |     1 |       |       |       ||     1
         Invisible         |       |       |       |       |       |     1 |       |       ||     1
         Held in net/web   |       |       |       |       |       |     1 |       |       ||     1
         Sleeping          |       |       |       |       |       |     9 |    31 |       ||    40
 Armour: Scale mail        |    93 |    97 |   262 |    24 |       |       |       |       ||   476
         Skin              |       |       |     6 |     4 |       |       |       |       ||    10
         Acid dragon scale |       |       |       |   313 |   502 |   820 |    30 |       ||  1665
         Troll leather arm |       |       |       |       |   206 |       |   565 |    44 ||   815
         Gold dragon scale |       |       |       |       |       |       |       |   878 ||   878
  Dodge: Dodged            |    60 |    82 |   198 |   399 |   841 |  1346 |  1734 |  1081 ||  5741
  Block: Buckler           |    30 |    32 |    66 |   187 |   804 |   865 |  1331 |    90 ||  3405
         Kite shield       |       |       |       |       |       |       |       |  1758 ||  1758

Table legend: (Time is in decaauts)
 A = Elapsed time spent in this place.
 B = Non-inter-level travel time spent in this place.
 C = Inter-level travel time spent in this place.
 D = Time resting spent in this place.
 E = Time spent auto-exploring this place.
 F = Levels seen in this place.
 G = Mean time per level.
                   A        B        C        D        E       F      G
               +--------+--------+--------+--------+--------+-----+--------+
         Total |  60833 |  56786 |   4047 |   9117 |  32228 |  55 | 1106.1 |
       Dungeon |  20783 |  18947 |   1836 |   2860 |  12186 |  15 | 1385.5 |
        Temple |      4 |      4 |      0 |      0 |      0 |   1 |    4.0 |
          Lair |   8981 |   8393 |    588 |   1394 |   4772 |   5 | 1796.2 |
         Swamp |   5586 |   5254 |    332 |   2092 |   1946 |   4 | 1396.5 |
   Spider Nest |   4708 |   4497 |    211 |    544 |   2879 |   4 | 1177.0 |
  Orcish Mines |   1739 |   1554 |    185 |     35 |    972 |   2 |  869.5 |
   Elven Halls |   4487 |   4218 |    269 |   1098 |   2013 |   3 | 1495.7 |
        Vaults |   6628 |   6278 |    350 |     73 |   3803 |   5 | 1325.6 |
        Depths |   4647 |   4417 |    230 |    298 |   2949 |   4 | 1161.8 |
           Zot |   2004 |   1960 |     44 |    420 |    201 |   5 |  400.8 |
      Ice Cave |   1119 |   1119 |      0 |    254 |    505 |   1 | 1119.0 |
         Arena |    142 |    142 |      0 |     46 |      0 |   6 |   23.7 |
               +--------+--------+--------+--------+--------+-----+--------+

Top non-repeatable levels by time:
  Lair:1: 2395 daAuts
 Swamp:3: 2289 daAuts
    D:11: 2153 daAuts
  Lair:3: 2068 daAuts
     D:9: 2030 daAuts
  Lair:2: 1874 daAuts
   Elf:3: 1738 daAuts
     D:6: 1721 daAuts
 Swamp:4: 1705 daAuts
    D:12: 1698 daAuts
    D:10: 1659 daAuts
Vaults:5: 1569 daAuts
  Lair:5: 1530 daAuts
   Elf:1: 1528 daAuts
     D:3: 1418 daAuts
